 Dungeon Crawl Stone Soup version 0.29.0-4-gdea44cf6ec (webtiles) character file.

Game seed: 14596414992997460438

1893 qw the Cleaver (level 9, 0/69 HPs)
             Began as a Formicid Cinder Acolyte on Sept 3, 2022.
             Was a Priest of Ignis.
             Slain by a two-headed ogre
             ... wielding a +0 giant club
              (6 damage)
             ... on level 6 of the Dungeon.
             The game lasted 00:03:02 (6028 turns).

qw the Cleaver (Formicid Cinder Acolyte)            Turns: 6028, Time: 00:03:02

Health: 0/69       AC: 23    Str: 22    XL:     9   Next: 37%
Magic:  10/10      EV:  6    Int: 15    God:    Ignis [***...]
Gold:   39         SH:  4    Dex:  9    Spells: 10/10 levels left

rFire   + . .      SeeInvis +   Y - +4 battleaxe (elec)
rCold   . . .      Faith    .   h - +0 buckler
rNeg    . . .      Spirit   .   o - +0 plate armour
rPois   .          Reflect  .   (helmet unavailable)
rElec   .          Harm     .   i - +0 cloak
rCorr   .          Rampage  .   j - +2 pair of gloves
Will    .....                   (no boots)
Stlth   ..........              (no amulet)
HPRegen 0.21/turn               (no ring)
MPRegen 0.12/turn               (no ring)

@: fiery-armoured
A: permanent stasis, dig shafts and tunnels, antennae 3, four strong arms
a: Dig, Shaft Self, Renounce Religion, Fiery Armour, Foxfire Swarm, Rising Flame


You were on level 6 of the Dungeon.
You worshipped Ignis.
Ignis was most pleased with you.
You visited 1 branch of the dungeon, and saw 6 of its levels.

You collected 826 gold pieces.
You spent 787 gold pieces at shops.


Innate Abilities, Weirdness & Mutations

You cannot be hasted, slowed, berserked, paralysed or teleported.
You can dig through walls and to a lower floor.
You have a pair of large antennae on your head. (SInv)
Your four strong arms can wield two-handed weapons with a shield.


   Skills:
 + Level 5.7 Fighting
 - Level 9.1 Axes
 - Level 1.9 Throwing
 - Level 5.1 Armour
 - Level 1.0 Dodging
 - Level 4.2 Shields
 - Level 1.1 Spellcasting
 - Level 3.0 Fire Magic


You had 10 spell levels left.
You didn't know any spells.
Your spell library contained the following spells:

 Spells                   Type           Power      Damage    Failure   Level
 Scorch                   Fire           18%        2d6       95%         2

Inventory:

Hand Weapons
 b - a -1 hand axe of flaming
 Y - a +4 battleaxe of electrocution (weapon)
Armour
 a - an orb of guile
 h - a +0 buckler (worn)
 i - a +0 cloak (worn)
 j - a +2 pair of gloves (worn)
 o - a +0 plate armour (worn)
Jewellery
 c - a ring of ice
 k - a +6 ring of intelligence
Scrolls
 m - a scroll of identify
Potions
 d - a potion of haste
 e - a potion of might
 f - 4 potions of curing
 g - a potion of mutation {unknown}
 l - a potion of cancellation {unknown}
 n - 2 potions of resistance
 p - a potion of magic {unknown}
 s - a potion of ambrosia {unknown}

Dungeon Overview and Level Annotations

Branches:
Dungeon (6/15)
 Temple: D:4-7

Altars:
Wu Jian

Shops:
D:5 [   D:6 [

Annotations:
D:2 1 runed translucent door, Crazy Yiuf


Message History

The white imp is moderately wounded.
The white imp barely misses you. The white imp gestures at you.
The puff of frost hits you but does no damage.
You barely miss the white imp.
The white imp is lightly wounded.
The white imp barely misses you.
You slash the white imp!
You kill the white imp!
You start resting.
HP restored.
You sense a monster nearby.
A two-headed ogre comes into view. It is wielding two +0 giant clubs.
The two-headed ogre shouts in stereo!
The two-headed ogre moves out of view.
You slash the two-headed ogre!
The two-headed ogre is lightly wounded.
The two-headed ogre hits you with a +0 giant club!!
The two-headed ogre hits you with a +0 giant club!
6025 ||| INVOKING Fiery Armour.
A protective cloak of flame settles atop you.
The two-headed ogre hits you with a +0 giant club!!
The two-headed ogre hits you but does no damage.
The two-headed ogre is burned by your cloak of flames.
The two-headed ogre is moderately wounded.
You hit the two-headed ogre.
The two-headed ogre is moderately wounded.
The two-headed ogre hits you with a +0 giant club.
The two-headed ogre is burned by your cloak of flames.
The two-headed ogre is moderately wounded.
The two-headed ogre hits you but does no damage.
The two-headed ogre is burned by your cloak of flames.
The two-headed ogre is heavily wounded.
You slice the two-headed ogre!!
The two-headed ogre is severely wounded.
You block the two-headed ogre's attack. x2
You barely miss the two-headed ogre.
The two-headed ogre is severely wounded.
The two-headed ogre hits you with a +0 giant club.
You die...

#####
#........##.#
#.## ....#
#........##.#
#.# ....#
#####.#######
#.# ....#
############
#.# ....###
###........#
#.# .......
..........#
#.#
....#######
#........#
##.# ....#
#...#
#...O....#
#..# ....#
#...# #@#
#.## ..###
#...# #.# #.#
#..)###...#
#.# #.#
###..##...#
#.# ####.#
##..)...# #.#
#....#
####)..## #.#
#.####
#....## #.#
###.# #.....#
#.# #...#
#...#.##
#.####.###


You could see a two-headed ogre.

Vanquished Creatures
  Sigmund (D:3)
  Eustachio (D:6)
  Edmund (D:5)
  Duvessa (D:5)
  3 ogres
  A centaur (D:4)
  3 scorpions
  Dowan (D:5)
  4 wights (D:6)
  4 killer bees (D:6)
  2 jellies
  4 iguanas
  A hound (D:4)
  An orc priest (D:3)
  2 orc wizards (D:5)
  A mummy (D:4)
  Robin (D:2)
  3 adders
  2 white imps
  2 ufetubi
  2 worms
  2 dart slugs
  17 orcs
  6 endoplasms
  4 giant cockroaches
  11 hobgoblins
  4 jackals (D:2)
  5 kobolds
  2 quokkas
  6 ball pythons
  3 bats
  2 frilled lizards
  14 goblins
  A goblin zombie (D:4)
  An orc zombie (D:4)
  4 rats
123 creatures vanquished.

Notes
Turn   | Place    | Note
-------+----------+-------------------------------------------
     0 | D:1      | qw the Formicid Cinder Acolyte began the quest for the Orb.
     0 | D:1      | Reached XP level 1. HP: 18/18 MP: 2/2
     0 | D:1      | 0 ||| qw: Version: 0.1-a-102-g441f92d
     0 | D:1      | 0 ||| qw: Game counter: 5114
     0 | D:1      | 0 ||| qw: Always use a shield: true
     0 | D:1      | 0 ||| qw: God list: Okawaru
     0 | D:1      | 0 ||| qw: Allow faded altars: false
     0 | D:1      | 0 ||| qw: Do Orc after D:15 true
     0 | D:1      | 0 ||| qw: Do second Lair branch before Depths: true
     0 | D:1      | 0 ||| qw: Lair rune preference: random
     0 | D:1      | 0 ||| qw: Plans: Normal
     0 | D:1      | 0 ||| PLANNING D:1-11
   209 | D:1      | Reached XP level 2. HP: 22/24 MP: 3/3
   402 | D:1      | 402 ||| Stepping ~*~*~tactically~*~*~ (stealth).
   797 | D:1      | 797 ||| READING scroll labelled GIATSETS CIUVO.
   798 | D:1      | 798 ||| READING 2 scrolls labelled JADWEN VIPUTSA.
   798 | D:1      | Identified 2 scrolls of acquirement
   798 | D:1      | 798 ||| ACQUIRING +4 battleaxe of venom
   798 | D:1      | Acquired a +4 battleaxe of venom
   800 | D:1      | 800 ||| SWAPPING to +4 battleaxe of venom.
   801 | D:1      | 801 ||| READING scroll of acquirement.
   801 | D:1      | 801 ||| ACQUIRING 580 gold pieces
   801 | D:1      | Acquired 580 gold pieces
   803 | D:1      | 803 ||| DRINKING 2 clear potions.
   804 | D:1      | 804 ||| DRINKING 3 red potions.
   872 | D:2      | Reached skill level 4 in Axes
   872 | D:2      | Reached XP level 3. HP: 29/29 MP: 4/4
   896 | D:2      | Found an ornate altar of the Wu Jian Council.
  1418 | D:2      | Reached skill level 1 in Dodging
  1420 | D:2      | 1420 ||| Stepping ~*~*~tactically~*~*~ (stealth).
  1429 | D:2      | 1429 ||| FLEEEEING.
  1430 | D:2      | 1430 ||| FLEEEEING.
  1431 | D:2      | 1431 ||| FLEEEEING.
  1432 | D:2      | 1432 ||| FLEEEEING.
  1433 | D:2      | 1433 ||| FLEEEEING.
  1435 | D:2      | 1435 ||| FLEEEEING.
  1436 | D:2      | 1436 ||| FLEEEEING.
  1438 | D:2      | 1438 ||| FLEEEEING.
  1439 | D:2      | 1439 ||| FLEEEEING.
  1440 | D:2      | 1440 ||| FLEEEEING.
  1441 | D:2      | 1441 ||| FLEEEEING.
  1442 | D:2      | 1442 ||| FLEEEEING.
  1443 | D:2      | 1443 ||| FLEEEEING.
  1444 | D:2      | 1444 ||| FLEEEEING.
  1445 | D:2      | 1445 ||| FLEEEEING.
  1447 | D:2      | 1447 ||| FLEEEEING.
  1448 | D:2      | 1448 ||| FLEEEEING.
  1449 | D:2      | 1449 ||| FLEEEEING.
  1450 | D:2      | 1450 ||| FLEEEEING.
  1451 | D:2      | 1451 ||| FLEEEEING.
  1452 | D:2      | 1452 ||| FLEEEEING.
  1453 | D:2      | 1453 ||| FLEEEEING.
  1454 | D:2      | 1454 ||| FLEEEEING.
  1455 | D:2      | 1455 ||| FLEEEEING.
  1456 | D:2      | 1456 ||| FLEEEEING.
  1457 | D:2      | 1457 ||| FLEEEEING.
  1458 | D:2      | 1458 ||| FLEEEEING.
  1460 | D:2      | 1460 ||| FLEEEEING.
  1461 | D:2      | 1461 ||| FLEEEEING.
  1462 | D:2      | 1462 ||| FLEEEEING.
  1463 | D:2      | 1463 ||| FLEEEEING.
  1464 | D:2      | 1464 ||| FLEEEEING.
  1465 | D:2      | 1465 ||| STAIRDANCE
  1518 | D:1      | 1518 ||| UPGRADING to +0 leather armour.
  1528 | D:1      | 1528 ||| DROPPING +0 robe.
  1529 | D:1      | 1529 ||| DROPPING scarf of shadows.
  1530 | D:1      | 1530 ||| DROPPING ring of flight.
  1531 | D:1      | 1531 ||| READING 2 scrolls of identify.
  1531 | D:1      | 1531 ||| IDENTIFYING amethyst potion
  1745 | D:2      | Found a runed translucent door.
  1746 | D:2      | Noticed Crazy Yiuf
  1842 | D:2      | Noticed Robin
  1843 | D:2      | 1843 ||| Stepping ~*~*~tactically~*~*~ (stealth).
  1845 | D:2      | 1845 ||| Stepping ~*~*~tactically~*~*~ (hiding).
  1854 | D:2      | Reached XP level 4. HP: 20/35 MP: 5/5
  1856 | D:2      | 1856 ||| INVOKING Fiery Armour.
  1857 | D:2      | Killed Robin
  1862 | D:2      | 1862 ||| FLEEEEING.
  1863 | D:2      | 1863 ||| FLEEEEING.
  1864 | D:2      | 1864 ||| FLEEEEING.
  1865 | D:2      | 1865 ||| FLEEEEING.
  1866 | D:2      | 1866 ||| FLEEEEING.
  1867 | D:2      | 1867 ||| FLEEEEING.
  1868 | D:2      | 1868 ||| FLEEEEING.
  1869 | D:2      | 1869 ||| FLEEEEING.
  1870 | D:2      | 1870 ||| FLEEEEING.
  1871 | D:2      | 1871 ||| FLEEEEING.
  1872 | D:2      | 1872 ||| FLEEEEING.
  1873 | D:2      | 1873 ||| FLEEEEING.
  1874 | D:2      | 1874 ||| FLEEEEING.
  1875 | D:2      | 1875 ||| FLEEEEING.
  1876 | D:2      | 1876 ||| FLEEEEING.
  1877 | D:2      | 1877 ||| FLEEEEING.
  1878 | D:2      | 1878 ||| FLEEEEING.
  1879 | D:2      | 1879 ||| FLEEEEING.
  1880 | D:2      | 1880 ||| FLEEEEING.
  1881 | D:2      | 1881 ||| FLEEEEING.
  1882 | D:2      | 1882 ||| FLEEEEING.
  1883 | D:2      | 1883 ||| FLEEEEING.
  1885 | D:2      | 1885 ||| FLEEEEING.
  1886 | D:2      | 1886 ||| FLEEEEING.
  1887 | D:2      | 1887 ||| FLEEEEING.
  1888 | D:2      | 1888 ||| STAIRDANCE
  2341 | D:2      | 2341 ||| READING scroll labelled VINUDE WIPP.
  2342 | D:2      | 2342 ||| READING scroll labelled JOAXEA BUOQ.
  2367 | D:3      | Noticed Sigmund
  2376 | D:3      | 2376 ||| INVOKING Fiery Armour.
  2380 | D:3      | 2380 ||| DRINKING 2 potions of curing.
  2380 | D:3      | 2380 ||| (to cure confusion)
  2387 | D:3      | Killed Sigmund
  2388 | D:3      | Reached skill level 6 in Axes
  2388 | D:3      | Reached XP level 5. HP: 12/41 MP: 6/6
  2388 | D:3      | Reached XP level 6. HP: 14/47 MP: 7/7
  2772 | D:3      | 2772 ||| Stepping ~*~*~tactically~*~*~ (stealth).
  3148 | D:3      | 3148 ||| UPGRADING to +0 ring mail.
  3158 | D:3      | 3158 ||| DROPPING +0 leather armour.
  3159 | D:3      | 3159 ||| READING scroll labelled CYAWEM MYPONT.
  3160 | D:3      | 3160 ||| READING scroll labelled GAECSE CETHILAMP.
  3161 | D:3      | 3161 ||| DRINKING 2 lumpy golden potions.
  3162 | D:3      | 3162 ||| READING 2 scrolls of identify.
  3162 | D:3      | 3162 ||| IDENTIFYING brown potion
  3163 | D:3      | 3163 ||| DROPPING potion of brilliance.
  3164 | D:3      | 3164 ||| DROPPING potion of degeneration.
  3175 | D:4      | 3175 ||| PLANNING OSSUARY
  3200 | D:4      | Reached skill level 1 in Armour
  3259 | D:4      | Reached XP level 7. HP: 45/54 MP: 8/8
  3536 | D:4      | Reached skill level 7 in Axes
  3795 | D:4      | 3795 ||| Stepping ~*~*~tactically~*~*~ (stealth).
  3796 | D:4      | 3796 ||| Stepping ~*~*~tactically~*~*~ (stealth).
  3797 | D:4      | 3797 ||| Stepping ~*~*~tactically~*~*~ (stealth).
  3798 | D:4      | 3798 ||| RIP OSSUARY
  3799 | D:4      | 3799 ||| PLANNING D:1-11
  4295 | D:4      | 4295 ||| UPGRADING to +2 pair of gloves.
  4300 | D:4      | 4300 ||| READING 4 scrolls labelled JITHIB RIKH.
  4301 | D:4      | 4301 ||| READING scroll labelled ZYUQYF XAS CYNWY.
  4302 | D:4      | 4302 ||| READING scroll labelled NIDOLOY JOESA.
  4303 | D:4      | 4303 ||| READING 4 scrolls of identify.
  4303 | D:4      | 4303 ||| IDENTIFYING coppery potion
  4304 | D:4      | 4304 ||| READING 3 scrolls of identify.
  4304 | D:4      | 4304 ||| IDENTIFYING sapphire potion
  4305 | D:4      | 4305 ||| READING 2 scrolls of identify.
  4305 | D:4      | 4305 ||| IDENTIFYING pink potion
  4306 | D:4      | 4306 ||| DROPPING 3 scrolls of noise.
  4307 | D:4      | 4307 ||| DROPPING potion of attraction.
  4308 | D:4      | 4308 ||| DROPPING potion of lignification.
  4336 | D:5      | Entered Level 5 of the Dungeon
  4339 | D:5      | 4339 ||| FLEEEEING.
  4340 | D:5      | 4340 ||| STAIRDANCE
  4391 | D:5      | 4391 ||| Stepping ~*~*~tactically~*~*~ (stealth).
  4426 | D:5      | Noticed Duvessa
  4426 | D:5      | Noticed Dowan
  4427 | D:5      | 4427 ||| INVOKING Fiery Armour.
  4430 | D:5      | 4430 ||| Stepping ~*~*~tactically~*~*~ (hiding).
  4431 | D:5      | 4431 ||| Stepping ~*~*~tactically~*~*~ (hiding).
  4437 | D:5      | 4437 ||| Stepping ~*~*~tactically~*~*~ (hiding).
  4438 | D:5      | 4438 ||| Stepping ~*~*~tactically~*~*~ (hiding).
  4439 | D:5      | 4439 ||| Stepping ~*~*~tactically~*~*~ (hiding).
  4445 | D:5      | Killed Duvessa
  4446 | D:5      | Reached skill level 8 in Axes
  4450 | D:5      | Killed Dowan
  4451 | D:5      | Reached XP level 8. HP: 42/61 MP: 9/9
  4624 | D:5      | 4624 ||| Stepping ~*~*~tactically~*~*~ (hiding).
  4654 | D:5      | Found Ceozowae's Armour Emporium.
  4664 | D:5      | 4664 ||| BUYING +0 buckler (58 gold).
  4664 | D:5      | Bought a +0 buckler for 58 gold pieces
  4664 | D:5      | 4664 ||| BUYING +0 cloak (58 gold).
  4664 | D:5      | Bought a +0 cloak for 58 gold pieces
  4664 | D:5      | 4664 ||| BUYING +0 plate armour (299 gold).
  4664 | D:5      | Bought a +0 plate armour for 299 gold pieces
  4664 | D:5      | 4664 ||| SHOPLISTING +1 plate armour of positive energy
                  | (416 gold, have 295).
  4720 | D:5      | Noticed Edmund
  4727 | D:5      | Killed Edmund
  4924 | D:5      | 4924 ||| Stepping ~*~*~tactically~*~*~ (hiding).
  4984 | D:5      | 4984 ||| INVOKING Fiery Armour.
  4986 | D:5      | Reached skill level 1 in Throwing
  5252 | D:5      | 5252 ||| Stepping ~*~*~tactically~*~*~ (stealth).
  5253 | D:5      | 5253 ||| Stepping ~*~*~tactically~*~*~ (stealth).
  5259 | D:5      | Reached skill level 9 in Axes
  5289 | D:5      | 5289 ||| UPGRADING to +0 scale mail.
  5299 | D:5      | 5299 ||| UPGRADING to +0 buckler.
  5304 | D:5      | 5304 ||| UPGRADING to +0 cloak.
  5309 | D:5      | 5309 ||| UPGRADING to +0 plate armour.
  5319 | D:5      | 5319 ||| DROPPING +0 scale mail.
  5320 | D:5      | 5320 ||| DROPPING +0 ring mail.
  5321 | D:5      | 5321 ||| READING scroll labelled ROCIPU BEGGESO.
  5339 | D:6      | Noticed Eustachio
  5340 | D:6      | 5340 ||| Stepping ~*~*~tactically~*~*~ (stealth).
  5342 | D:6      | 5342 ||| Stepping ~*~*~tactically~*~*~ (stealth).
  5350 | D:6      | 5350 ||| INVOKING Fiery Armour.
  5350 | D:6      | HP: 15/62 [ogre/+0 giant spiked club (14)]
  5351 | D:6      | 5351 ||| DRINKING potion of heal wounds.
  5367 | D:6      | 5367 ||| FLEEEEING.
  5374 | D:6      | 5374 ||| STAIRDANCE
  5513 | D:6      | Killed Eustachio
  5514 | D:6      | Reached skill level 3 in Armour
  5514 | D:6      | Reached XP level 9. HP: 62/68 MP: 10/10
  5636 | D:6      | 5636 ||| Stepping ~*~*~tactically~*~*~ (stealth).
  5639 | D:6      | Reached skill level 3 in Shields
  5759 | D:6      | Found Tirawn's Antique Armour Shop.
  5782 | D:6      | 5782 ||| BUYING glowing orb (372 gold).
  5782 | D:6      | Bought a glowing orb for 372 gold pieces
  5782 | D:6      | 5782 ||| SHOPLISTING pair of runed gloves (232 gold, have
                  | 18).
  5782 | D:6      | 5782 ||| SHOPLISTING runed scarf (248 gold, have 18).
  5835 | D:6      | 5835 ||| Stepping ~*~*~tactically~*~*~ (hiding).
  6021 | D:6      | Noticed a two-headed ogre
  6025 | D:6      | 6025 ||| INVOKING Fiery Armour.
  6025 | D:6      | HP: 9/69 [two-headed ogre/+0 giant club (20)]
  6028 | D:6      | Slain by a two-headed ogre

Levels and vault maps discovered:
D:1:      minmay_arrival_stair_chambers, layout_loops_ring,
          kennysheep_nondescript
D:2:      layout_loops_ring, basic_altar, uniq_robin, uniq_crazy_yiuf_cottage
D:3:      layout_rooms, chequers_garden, uniq_sigmund
D:4:      layout_gridville, nicolae_ossuary_entry_giza, grunt_decor_resistance
D:5:      layout_basic, serial_shops, nicolae_lakefront_shop, uniq_duvessa,
          uniq_edmund
D:6:      layout_basic, minmay_temple_entry_stoned_glass, serial_shops, shop,
          chequers_jeans, uniq_eustachio

Skill      XL: |  1  2  3  4  5  6  7  8  9 |
---------------+----------------------------+-----
Axes           | 4 6 8 9 |  9.1
Dodging        | 1 |  1.0
Fighting       | 4 5 |  5.7
Armour         | 1 3 5 |  5.1
Throwing       | 1 |  1.9
Shields        | 2 4 |  4.2
Spellcasting   | |  1.1
Fire Magic     | |  3.0

Action                   |  1- 3 |  4- 6 |  7- 9 || total
-------------------------+-------+-------+-------++-------
Melee: Hand axe          |    35 |       |       ||    35
       Punch             |     1 |     1 |       ||     2
       Battleaxe         |    49 |    84 |   142 ||   275
Throw: Boomerang         |       |       |     9 ||     9
Invok: Fiery Armour      |       |     2 |     4 ||     6
  Use: Scroll            |     4 |     5 |     7 ||    16
       Potion            |     2 |     2 |     1 ||     5
Armor: Robe              |    20 |       |       ||    20
       Leather armour    |     4 |    21 |       ||    25
       Ring mail         |       |     4 |    33 ||    37
       Plate armour      |       |       |    29 ||    29
Dodge: Dodged            |    43 |    59 |    61 ||   163
Block: Buckler           |       |       |     7 ||     7

Table legend:
 A = Non-vault XP
 B = Vault XP
 C = Vault XP percentage of total XP
 D = Non-vault monster count
 E = Vault monster count
 F = Vault count percentage of total count
                 A         B        C        D         E       F
            +---------+---------+-------+---------+---------+-------
      Total |    1855 |     850 |  31.4 |     104 |      19 |  15.4
            +---------+---------+-------+---------+---------+-------
        D:1 |      24 |       0 |   0.0 |      15 |       0 |   0.0
        D:2 |      41 |      34 |  45.3 |      16 |      11 |  40.7
        D:3 |     105 |     214 |  67.1 |      25 |       1 |   3.8
        D:4 |     344 |      18 |   5.0 |      17 |       3 |  15.0
        D:5 |     606 |     381 |  38.6 |      18 |       3 |  14.3
        D:6 |     735 |     203 |  21.6 |      13 |       1 |   7.1
            +---------+---------+-------+---------+---------+-------
